 Dungeon Crawl Stone Soup version 0.25-a0-1119-g28b6fd0c3b (webtiles) character file.

Game seed: 3392356034872980855, levelgen mode: deterministic

1024 Esekla the Magician (level 8, -6/52 HPs)
             Began as an Octopode Wizard on May 18, 2020.
             Was a Follower of Qazlal.
             Mangled by an ice beast (11 damage)
             ... on level 7 of the Dungeon.
             The game lasted 00:53:20 (7868 turns).

Esekla the Magician (Octopode Wizard)               Turns: 7868, Time: 00:53:21

Health: -6/52      AC:  1    Str:  7    XL:     8   Next: 22%
Magic:  8/15       EV: 13    Int: 21    God:    Qazlal [*.....]
Gold:   234        SH:  2    Dex: 11    Spells: 7/16 levels left

rFire    . . .     SeeInvis .   e - +1 trident
rCold    . . .     Gourm    .   (no shield)
rNeg     . . .     Faith    .   a - +0 hat
rPois    .         Spirit   .   (no amulet)
rElec    .         Reflect  .   u - ring of flight
rCorr    .         Harm     .   (no ring)
MR       .....                  (no ring)
Stlth    +++.......             (no ring)
HPRegen  0.17/turn              (no ring)
MPRegen  0.14/turn              (no ring)
                                (no ring)
                                (no ring)

@: no status effects
A: almost no armour, stealthy swim, amphibious, 8 rings, constrict 8, camouflage
1, gelatinous body 1
a: Renounce Religion, Evoke Flight


You were on level 7 of the Dungeon.
You worshipped Qazlal.
Qazlal was aware of your devotion.
You were not hungry.

You visited 2 branches of the dungeon, and saw 8 of its levels.

You collected 262 gold pieces.
You spent 28 gold pieces at shops.

Inventory:

Hand Weapons
 e - a +1 trident (weapon)
 h - a +0 short sword of speed
Missiles
 s - 4 boomerangs (quivered)
Armour
 a - a +0 hat (worn)
 o - a +0 kite shield
Jewellery
 u - a ring of flight (left tentacle)
Wands
 n - a wand of acid (10)
 p - a wand of iceblast (8)
Scrolls
 b - a scroll of immolation
 d - 4 scrolls of remove curse
 g - a scroll of enchant weapon
 i - a scroll of teleportation
 l - 2 scrolls of identify
 v - a scroll of amnesia
Potions
 f - a potion of cancellation {unknown}
 j - a potion of heal wounds
 m - a potion of mutation {unknown}
 q - a potion of stabbing {unknown}
 r - a potion of curing {unknown}
 t - a potion of flight
Comestibles
 c - 5 rations


   Skills:
 * Level 3.4 Fighting
 + Level 2.0 Short Blades
 + Level 1.0 Throwing
 + Level 2.7 Dodging
 - Level 2.6 Stealth
 * Level 2.1 Shields
 + Level 4.6 Spellcasting
 + Level 2.5 Conjurations
   Level 1.0 Summonings
 + Level 3.3 Translocations
 + Level 0.4 Fire Magic
 * Level 2.6 Air Magic
 * Level 3.7 Poison Magic


You had 7 spell levels left.
You knew the following spells:

 Your Spells              Type           Power        Failure   Level  Hunger
a - Magic Dart            Conj           ###.         4%          1    None
b - Blink                 Tloc           N/A          4%          2    #......
c - Mephitic Cloud        Conj/Pois/Air  ###.....     10%         3    ##.....
f - Conjure Flame         Conj/Fire      ##......     19%         3    ##.....

Your spell library contained the following spells:

 Spells                   Type           Power        Failure   Level  Hunger
 Call Imp                 Summ           #.......     11%         2    #......
 Slow                     Hex            #.......     17%         2    #......


Dungeon Overview and Level Annotations

Branches:
Dungeon (7/15)             Temple (1/1) D:4

Altars:
Ashenzari
Dithmenos
Elyvilon
Fedhas
Gozag
Hepliaklqana
Kikubaaqudgha
Nemelex Xobeh
Okawaru
Qazlal
Ru
Sif Muna
Trog
Uskayaw
Wu Jian
Xom
Yredelemnul
Zin
The Shining One

Shops:
D:5 ?


Innate Abilities, Weirdness & Mutations

You cannot wear most types of armour.
You are very stealthy in the water. (Stealth+)
You are amphibious.
You can wear up to eight rings at the same time.
You can use your tentacles to constrict eight enemies at once.
Your skin changes colour to match your surroundings (Stealth+).
Your rubbery body absorbs attacks. (AC +1, EV +1)


Message History

You reach to attack!
You barely miss the ice beast.
The ice beast is heavily wounded.
Casting: Magic Dart (safe; 4% risk of failure)
Confirm with . or Enter, or press ? or * to list all spells.
Aiming: Magic Dart (safe; 4% risk of failure)
Press: ? - help, Shift-Dir - straight line, f/p - ice beast
Aim: an ice beast (heavily wounded)
The magic dart hits the ice beast.
The ice beast is almost dead.
Okay, then.
You closely miss the ice beast.
The ice beast is almost dead.
The ice beast hits you.
* * * LOW HITPOINT WARNING * * *
The ice beast freezes you!
* * * LOW HITPOINT WARNING * * *
The ice beast hits you.
* * * LOW HITPOINT WARNING * * *
The ice beast freezes you!
You die...

# ########## #.
.........# #.#
########.# #.######
#.# #.....#####.##
#.###.........########
... #.○#####..........
..#..
#.@Y......######## #.
#.. #.######..# .. #..
#.######..#### #
#.................#
##.###.##########.#
..# #.# #.# .... #.#
#.# ## #... ##.# #.#
#.. ... .##.# #.#


You could see an ice beast.

Vanquished Creatures
  2 orc warriors
  A black bear (D:7)
  A phantom (D:4)
  A water moccasin zombie (D:3)
  A scorpion (D:4)
  A howler monkey (D:4)
  A bullfrog zombie (D:4)
  A centaur skeleton (D:4)
  A jelly (D:4)
  5 orc wizards
  5 worker ants (D:4)
  A hound zombie (D:5)
  4 gnolls (D:3)
  2 adders
  An ooze (D:2)
  A worm (D:3)
  5 leopard geckos
  18 orcs
  2 giant cockroaches
  5 goblins
  5 hobgoblins
  7 jackals
  8 kobolds
  5 quokkas
  5 bats
  2 frilled lizards
  5 rats
96 creatures vanquished.

Notes
Turn   | Place    | Note
-------+----------+-------------------------------------------
     0 | D:1      | Esekla the Octopode Wizard began the quest for the Orb.
     0 | D:1      | Reached XP level 1. HP: 11/11 MP: 4/4
   200 | D:2      | Reached XP level 2. HP: 18/18 MP: 0/6
   204 | D:2      | Learned a level 2 spell: Blink
   814 | D:3      | Reached XP level 3. HP: 11/22 MP: 2/8
   982 | D:3      | Learned a level 3 spell: Mephitic Cloud
   986 | D:3      | Learned a level 3 spell: Conjure Flame
  1284 | D:4      | Found a staircase to the Ecumenical Temple.
  1293 | Temple   | Entered the Ecumenical Temple
  1426 | Temple   | Became a worshipper of Qazlal Stormbringer
  1625 | D:2      | Reached skill level 1 in Air Magic
  2342 | D:3      | Reached XP level 4. HP: 22/27 MP: 7/9
  2531 | D:3      | Reached skill level 1 in Fighting
  2531 | D:3      | Reached skill level 1 in Poison Magic
  2565 | D:3      | HP: 1/28 [bat (1)]
  3071 | D:3      | Reached skill level 4 in Spellcasting
  3071 | D:3      | Reached XP level 5. HP: 33/33 MP: 2/11
  3637 | D:3      | Reached * piety under Qazlal
  3672 | D:4      | Reached skill level 1 in Short Blades
  3672 | D:4      | Reached XP level 6. HP: 19/38 MP: 5/12
  4299 | D:4      | Noticed a phantom
  4515 | D:4      | Killed a phantom
  4515 | D:4      | Reached skill level 1 in Shields
  4600 | D:5      | Entered Level 5 of the Dungeon
  4617 | D:4      | Reached XP level 7. HP: 17/45 MP: 3/13
  4979 | D:4      | Found an iron altar of Okawaru.
  5062 | D:5      | Found an ornate altar of the Wu Jian Council.
  5111 | D:4      | HP: 2/45 [poisoned by a worker ant]
  5119 | D:4      | HP: 2/45 [poisoned by a worker ant]
  7243 | D:5      | Found Mokhoack's Magic Scroll Emporium.
  7251 | D:5      | Bought a scroll of identify for 28 gold pieces
  7290 | D:5      | Found an iron altar of Okawaru.
  7694 | D:6      | Reached XP level 8. HP: 52/52 MP: 8/14
  7776 | D:7      | Reached skill level 1 in Throwing
  7868 | D:7      | Mangled by an ice beast

Illustrated notes

Levels and vault maps discovered:
D:1:      roderic_dead_forest, layout_loops_ring
D:2:      layout_rooms, first_ration
D:3:      layout_basic
D:4:      layout_basic, minmay_temple_entry_junction_2, lemuel_tele_altar
D:5:      layout_cave_pools, lemuel_crystal_altar, basic_altar, serial_shops,
          shop_statue
D:6:      gammafunk_wand_slinger, layout_loops_corners, kennysheep_little_box,
          uniq_edmund, uniq_menkaure
D:7:      layout_loops_ring, nicolae_ossuary_entry_ruins, uniq_harold,
          uniq_duvessa
Temple:   dpeg_five_rooms_temple

Skill      XL: |  1  2  3  4  5  6  7  8 |
---------------+-------------------------+-----
Air Magic      | 1 2 |  2.6
Fighting       | 1 2 3 |  3.4
Poison Magic   | 1 2 3 |  3.7
Spellcasting   | 4 |  4.6
Short Blades   | 1 2 |  2.0
Translocations | 2 3 |  3.3
Shields        | 1 2 |  2.1
Conjurations   | 2 |  2.5
Throwing       | 1 |  1.0
Dodging        | |  2.7
Stealth        | |  2.6
Summonings     | |  1.0
Fire Magic     | |  0.4

Action                   |  1- 3 |  4- 6 |  7- 9 || total
-------------------------+-------+-------+-------++-------
Melee: Unarmed           |     8 |       |       ||     8
       Constrict         |    10 |    21 |    27 ||    58
       Tentacles         |     6 |    19 |    10 ||    35
       Short sword       |    39 |    90 |    79 ||   208
       Trident           |       |       |    15 ||    15
Throw: Boomerang         |       |       |    19 ||    19
 Cast: Magic Dart        |    73 |    77 |    44 ||   194
       Mephitic Cloud    |       |     6 |    13 ||    19
       Blink             |       |     1 |    20 ||    21
       Conjure Flame     |       |     1 |     2 ||     3
  Use: Scroll            |       |       |     9 ||     9
       Potion            |       |       |     1 ||     1
 Stab: Sleeping          |     5 |       |       ||     5
       Confused          |       |     1 |     4 ||     5
  Eat: Chunk             |     4 |     4 |     5 ||    13
       Ration            |       |     1 |     2 ||     3
Armor: Skin              |     6 |     7 |     2 ||    15
Dodge: Dodged            |    29 |    52 |    44 ||   125
Block: Other             |       |       |     1 ||     1

Table legend:
 A = Non-vault XP
 B = Vault XP
 C = Vault XP percentage of total XP
 D = Non-vault monster count
 E = Vault monster count
 F = Vault count percentage of total count
                 A         B        C        D         E       F
            +---------+---------+-------+---------+---------+-------
      Total |    1464 |       0 |   0.0 |      96 |       0 |   0.0
            +---------+---------+-------+---------+---------+-------
        D:1 |      29 |       0 |   0.0 |      16 |       0 |   0.0
        D:2 |      24 |       0 |   0.0 |      11 |       0 |   0.0
        D:3 |     223 |       0 |   0.0 |      25 |       0 |   0.0
        D:4 |     640 |       0 |   0.0 |      28 |       0 |   0.0
        D:5 |     235 |       0 |   0.0 |       5 |       0 |   0.0
        D:6 |      50 |       0 |   0.0 |       7 |       0 |   0.0
        D:7 |     263 |       0 |   0.0 |       4 |       0 |   0.0
            +---------+---------+-------+---------+---------+-------
